 Dungeon Crawl Stone Soup version 0.30-a0-634-g8abc85282e (webtiles) character file.

Game seed: 6191472708641039709

2071 HoaS the Skirmisher (level 9, -4/72 HPs)
             Began as a Gargoyle Hunter on Jan 14, 2023.
             Was an Initiate of Gozag.
             Slain by an orc
             ... wielding a +0 trident
              (6 damage)
             ... on level 7 of the Dungeon.
             The game lasted 00:12:16 (5669 turns).

HoaS the Skirmisher (Gargoyle Hunter)               Turns: 5669, Time: 00:12:17

Health: -4/72      AC: 24    Str: 14    XL:     9   Next: 26%
Magic:  9/9        EV:  2    Int: 11    God:    Gozag
Gold:   455        SH:  0    Dex: 17    Spells: 8/8 levels left

rFire   + . .      SeeInvis .    a - +2 shortbow (heavy)
rCold   + . .      Faith    .    (shield currently unavailable)
rNeg    + . .      Spirit   .    (body armour currently unavailable)
rPois   ∞          Reflect  .    (helmet currently unavailable)
rElec   .          Harm     .    (cloak currently unavailable)
rCorr   .          Rampage  .    (gloves currently unavailable)
Will    .....      NoTele   +    (boots currently unavailable)
Stlth   ++                       (no amulet)
HPRegen 0.32/turn                e - ring of protection from cold
MPRegen 0.11/turn                u - ring of protection from fire

@: tree-form
A: stationary, stasis, torment immunity, boosted hp, sickness immunity, AC +6,
negative energy resistance 1, (electricity resistance), torment resistance 1,
petrification resistance
a: Renounce Religion, Potion Petition, Call Merchant, Bribe Branch


You were on level 7 of the Dungeon.
You worshipped Gozag.
Gozag was aware of your devotion.
You were a tree.
You visited 2 branches of the dungeon, and saw 8 of its levels.
You also visited: Sewer.

You collected 539 gold pieces.
You paid 84 gold pieces to Gozag.

Inventory:

Hand Weapons
 a - a +2 heavy shortbow (weapon)
Missiles
 r - 2 throwing nets
Armour
 c - a +0 leather armour (melded)
 n - a +0 pair of gloves (melded)
Jewellery
 e - a ring of protection from cold (left branch)
 l - a ring of positive energy
 m - a +6 ring of strength
 u - a ring of protection from fire (right branch)
Wands
 d - a wand of light (3)
 t - a wand of polymorph (20)
Scrolls
 b - a scroll of immolation
 f - 3 scrolls of teleportation
 h - 2 scrolls of vulnerability
 o - 3 scrolls of fog
 s - a scroll of magic mapping
Potions
 g - 3 potions of flight
 i - 2 potions of lignification
 j - 3 potions of attraction
 k - a potion of cancellation
 p - 4 potions of heal wounds
 q - 2 potions of mutation
 v - 2 potions of brilliance
 w - a potion of curing {unknown}


   Skills:
 - Level 2.1 Fighting
 + Level 12.5 Ranged Weapons
 - Level 1.5 Dodging
 - Level 1.1 Stealth


You had 8 spell levels left.
You didn't know any spells.
Your spell library contained the following spells:

 Spells                   Type           Power      Damage    Failure   Level
 Necrotise                Necr           0%         1d4       34%         1
 Poisonous Vapours        Pois/Air       0%         N/A       47%         2
 Static Discharge         Conj/Air       0%         2-2/arc   47%         2
 Mephitic Cloud           Conj/Pois/Air  0%         N/A       71%         3
 Ozocubu's Armour         Ice            0%         N/A       71%         3
 Vampiric Draining        Necr           0%         2d6       71%         3
 Flame Wave               Conj/Fire      0%         2d4       98%         4
 Petrify                  Tmut/Erth      0%         N/A       98%         4
 Agony                    Necr           0%         N/A       100%        5
 Irradiate                Conj/Tmut      0%         3d11      100%        5
 Iskenderun's Battlesphe  Conj           0%         2d6       100%        5
 Metabolic Englaciation   Hex/Ice        0%         N/A       100%        5
 Lehudib's Crystal Spear  Conj/Erth      0%         10d2      100%        8
 Cigotuvi's Dreadful Rot  Necr/Pois/Air  Unusable   N/A       N/A         2
 Sublimation of Blood     Necr           Unusable   N/A       N/A         2
 Simulacrum               Ice/Necr       Unusable   N/A       N/A         6

Dungeon Overview and Level Annotations

Branches:
Dungeon (7/15)             Temple (1/1) D:4           Sewer (visited)

Altars:
Ashenzari
Dithmenos
Fedhas
Gozag
Hepliaklqana
Kikubaaqudgha
Makhleb
Nemelex Xobeh
Okawaru
Qazlal
Sif Muna
Trog
Uskayaw
Vehumet
Wu Jian
Xom
Yredelemnul
Zin
The Shining One

Shops:
D:2 =(:


Innate Abilities, Weirdness & Mutations

You are a tree.
Your roots penetrate the ground, keeping you stationary.
You cannot be teleported.
You are immune to unholy pain and torment.
Your maximum health is greatly increased.
Your equipment is partially melded.
You are immune to sickness and miasma.
((Your stone body is resilient. (AC +6)))
You are immune to poison.
You resist negative energy. (rN+)
((You are resistant to electric shocks. (rElec)))
You are resistant to unholy torment.
You are immune to petrification.


Message History

You hear a shout!
You shoot an arrow. The arrow hits the wight!
The wight is severely damaged.
The orc hits you but does no damage.
The wight hits you with a +3 great sword of freezing!!
The wight freezes you.
You shoot an arrow. The arrow barely misses the wight.
You hear a shout!
The orc misses you.
The wight hits you with a +3 great sword of freezing!
* * * LOW HITPOINT WARNING * * *
The wight freezes you.
* * * LOW HITPOINT WARNING * * *
You shoot an arrow. The arrow hits the wight!
You destroy the wight!
The orc hits you but does no damage. The orc misses you.
You shoot an arrow. The arrow completely misses the orc.
The orc hits you but does no damage.
A sky beast comes into view.
You shoot an arrow. The arrow hits the orc.
The orc is almost dead.
An orc comes into view. It is wielding a +0 trident.
The orc hits you but does no damage.
You shoot an arrow. The arrow barely misses the orc.
The orc hits you with a +0 dagger.
* * * LOW HITPOINT WARNING * * *
An orc comes into view. It is wielding a +0 short sword.
The sky beast closely misses you. The orc barely misses you. x2
The orc hits you with a +0 trident.
* * * LOW HITPOINT WARNING * * *
The orc hits you with a +0 dagger.
* * * LOW HITPOINT WARNING * * *
There is an open door here.
Really quaff the potion of lignification?
You turn into a tree.
Your +0 pair of gloves melds into your body.
Your +0 leather armour melds into your body.
Your roots penetrate the ground.
The orc hits you with a +0 trident.
You die...
Your body crumbles into a pile of gold.

$#.#. #$.. ...
..#### ....# #
#.#.#
#.#..#####$..#
.....o$Yoo...#
..######♣########
#..........#
#..........#
+..........#
#..........#
#..........#
#..........#
#..........#
#......>...#


You could see a sky beast and 3 orcs.

Vanquished Creatures
  A troll (D:6)
  Prince Ribbit (D:5)
  Menkaure (D:5)
  A water moccasin (D:6)
  A black bear (D:6)
  An orc warrior (D:7)
  A centaur (D:6)
  A phantom (D:6)
  2 scorpions
  A wight (D:7)
  4 hounds
  A jelly (D:4)
  4 orc priests
  Jessica (D:2)
  4 iguanas
  4 orc wizards
  Natasha (thrice) (D:4)
  4 gnolls
  14 adders
  5 white imps
  4 worms
  4 dart slugs
  15 orcs
  13 endoplasms
  6 giant cockroaches
  10 goblins
  7 hobgoblins
  4 jackals (D:3)
  14 kobolds
  6 quokkas
  13 ball pythons
  8 bats
  6 frilled lizards
  8 rats
173 creatures vanquished.

Notes
Turn   | Place    | Note
-------+----------+-------------------------------------------
     0 | D:1      | HoaS the Gargoyle Hunter began the quest for the Orb.
     0 | D:1      | Reached XP level 1. HP: 12/12 MP: 1/1
    43 | D:1      | Reached XP level 2. HP: 17/17 MP: 2/2
   190 | D:1      | Reached XP level 3. HP: 21/21 MP: 3/3
   191 | D:1      | Reached skill level 5 in Ranged Weapons
   878 | D:2      | Reached XP level 4. HP: 26/26 MP: 4/4
  1043 | D:2      | Found Igailifi's Book Emporium.
  1066 | D:2      | Found Jysul's Weapon Shop.
  1229 | D:2      | Found Zooh's Jewellery Shop.
  1393 | D:2      | Noticed Jessica
  1403 | D:2      | Killed Jessica
  1407 | D:2      | Reached skill level 6 in Ranged Weapons
  1495 | D:2      | Reached XP level 5. HP: 30/30 MP: 5/5
  1885 | D:3      | Found a glowing golden altar of the Shining One.
  2280 | D:4      | Reached skill level 7 in Ranged Weapons
  2286 | D:4      | Reached XP level 6. HP: 35/35 MP: 6/6
  2428 | D:4      | Found a glowing drain.
  2437 | Sewer    | Entered a sewer
  3033 | D:4      | Noticed Natasha
  3034 | D:4      | Killed Natasha
  3034 | D:4      | Noticed Natasha
  3039 | D:4      | Killed Natasha
  3040 | D:4      | Reached skill level 8 in Ranged Weapons
  3067 | D:4      | Found a staircase to the Ecumenical Temple.
  3076 | Temple   | Entered the Ecumenical Temple
  3202 | D:4      | Noticed Natasha
  3208 | D:4      | Killed Natasha
  3209 | D:4      | Reached XP level 7. HP: 38/40 MP: 7/7
  3644 | D:5      | Entered Level 5 of the Dungeon
  3758 | D:5      | Noticed Menkaure
  3763 | D:5      | Killed Menkaure
  3764 | D:5      | Reached skill level 9 in Ranged Weapons
  3850 | D:5      | Noticed Prince Ribbit
  3855 | D:5      | Killed Prince Ribbit
  3856 | D:5      | Reached XP level 8. HP: 25/44 MP: 8/8
  3859 | D:5      | Reached skill level 10 in Ranged Weapons
  3868 | D:5      | Got the Codex of Confrontation
  3934 | D:5      | Found an iron altar of Okawaru.
  3950 | D:5      | Found a shadowy altar of Dithmenos.
  3951 | D:5      | Found an ancient bone altar of Kikubaaqudgha.
  3952 | D:5      | Found a hide-covered altar of Uskayaw.
  3952 | D:5      | Found an ornate altar of the Wu Jian Council.
  3952 | D:5      | Found a hazy altar of Hepliaklqana.
  3952 | D:5      | Found an opulent altar of Gozag.
  3954 | D:5      | Found a blossoming altar of Fedhas.
  3967 | D:5      | Became a worshipper of Gozag Ym Sagoz the Greedy
  4845 | D:6      | Reached skill level 11 in Ranged Weapons
  5490 | D:6      | Noticed a troll
  5500 | D:6      | Killed a troll
  5501 | D:6      | Reached skill level 12 in Ranged Weapons
  5501 | D:6      | Reached XP level 9. HP: 48/48 MP: 9/9
  5668 | D:7      | HP: 1/48 [orc/+0 dagger (2)]
  5669 | D:7      | Slain by an orc

Illustrated notes

Levels and vault maps discovered:
D:1:      dpeg_arrival_tiny_i, layout_basic, serial_forest,
          infiniplex_forest_lined_corner, infiniplex_forest_clump_medium,
          infiniplex_forest_lined_4_way, infiniplex_forest_clump_tiny,
          infiniplex_forest_lined_3_way, infiniplex_forest_straight_4
D:2:      minmay_chambers_of_twos, layout_rooms, serial_shops,
          nicolae_shop_waterfront, nicolae_shop_advertising_works
          [nicolae_subvault_shop_adworks], shop_fountains, uniq_jessica
D:3:      layout_basic, mainiacjoe_overflow_concentric_impassable
D:4:      layout_gridville, minmay_temple_entry_gardened_gates,
          portal_sewer_entry_d, minmay_misc_feat_five, uniq_natasha
D:5:      layout_basic, minitemple, uniq_prince_ribbit1, uniq_menkaure
D:6:      layout_basic, st_stairs_9, abandoned_shop, hangedman_decor_points,
          minmay_three_doors
D:7:      layout_basic, minmay_starry_boxes, uniq_pikel
Temple:   nicolae_temple_ecumenical_triangle

Skill      XL: |  1  2  3  4  5  6  7  8 |
---------------+-------------------------+-----
Ranged Weapons | 5 6 7 8 9 12 | 12.5
Fighting       | |  2.1
Dodging        | |  1.5
Stealth        | |  1.1

Action                   |  1- 3 |  4- 6 |  7- 9 || total
-------------------------+-------+-------+-------++-------
 Fire: Shortbow          |   105 |   184 |   172 ||   461
  Use: Scroll            |     2 |    13 |    10 ||    25
       Potion            |       |       |     2 ||     2
Armor: Leather armour    |    17 |    30 |    54 ||   101
Dodge: Dodged            |    19 |    39 |    75 ||   133

Table legend: (Time is in decaauts)
 A = Elapsed time spent in this place.
 B = Non-inter-level travel time spent in this place.
 C = Inter-level travel time spent in this place.
 D = Time resting spent in this place.
 E = Time spent auto-exploring this place.
 F = Levels seen in this place.
 G = Mean time per level.
                   A        B        C        D        E       F      G
               +--------+--------+--------+--------+--------+-----+--------+
         Total |   6015 |   5886 |    129 |    955 |   3668 |   9 |  668.3 |
       Dungeon |   5488 |   5359 |    129 |    955 |   3367 |   7 |  784.0 |
        Temple |     55 |     55 |      0 |      0 |     35 |   1 |   55.0 |
         Sewer |    471 |    471 |      0 |      0 |    265 |   1 |  471.0 |
               +--------+--------+--------+--------+--------+-----+--------+

Top non-repeatable levels by time:
     D:6: 1454 daAuts
     D:4: 995 daAuts
     D:2: 855 daAuts
     D:1: 855 daAuts
     D:3: 707 daAuts
     D:5: 540 daAuts
   Sewer: 471 daAuts
     D:7: 79 daAuts
  Temple: 55 daAuts
